[ AOE2 MATCH · #489739077 ]
UnrankedWei vs Khitans
Player's team · LOSS
Rival team · WIN
[ REPLAY ANALYSIS · EXTRACTED FROM THE RECORDED GAME ]
Feudal
9:16
Castle
17:56
Imperial
—
| APM avg | 97.0 |
| APM peak | 144 |
| eAPM avg | 56.6 |
| Villagers / military | 79 / 3 |
Focus
⚔️ 64.9% · 🌾 35.1%
Unknown (1952) ×33 · Skirmisher ×3
Feudal
14:05
Castle
21:03
Imperial
—
| APM avg | 47.7 |
| APM peak | 92 |
| eAPM avg | 19.7 |
| Villagers / military | 60 / 63 |
Focus
⚔️ 48.2% · 🌾 51.8%
Scout Cavalry ×58 · Militia ×5
Match map
Initial resources + every placement click. Lines = walls · curves = elevation contours. ◆ gold · ⬟ stone · ● berries · ✦ relic · ◌ wall gap
Your base· Open — 4t gap
Ustad's base· ✓ Closed at 21:03 · 81t walls · 1 gate(s)
Smoothed initial terrain · ◌ = detected wall gap · hover for details
Inputs per minute
— Saturno 1343 - - Ustad
Build order — Saturno 1343
First 150 of 188 actions detected
| 0:00 | Queue | Villager (Male) |
| 0:01 | Queue | Villager (Male) |
| 0:01 | Build | House |
| 0:02 | Build | House |
| 0:21 | Queue | Villager (Male) |
| 0:21 | Queue | Villager (Male) |
| 1:07 | Queue | Villager (Male) |
| 1:40 | Queue | Villager (Male) |
| 1:40 | Queue | Villager (Male) |
| 1:52 | Build | Lumber Camp |
| 2:11 | Queue | Villager (Male) |
| 2:47 | Queue | Villager (Male) |
| 2:47 | Queue | Villager (Male) |
| 3:07 | Queue | Villager (Male) |
| 3:07 | Queue | Villager (Male) |
| 3:33 | Queue | Villager (Male) |
| 4:00 | Queue | Villager (Male) |
| 4:00 | Queue | Villager (Male) |
| 4:06 | Build | House |
| 4:23 | Queue | Villager (Male) |
| 4:23 | Queue | Villager (Male) |
| 5:01 | Queue | Villager (Male) |
| 5:01 | Queue | Villager (Male) |
| 5:02 | Queue | Villager (Male) |
| 5:11 | Build | Mill |
| 5:49 | Queue | Villager (Male) |
| 6:19 | Build | Mill |
| 6:27 | Research | Loom |
| 7:05 | Research | Feudal Age |
| 7:08 | Build | Palisade Wall |
| 7:10 | Build | Palisade Wall |
| 7:13 | Build | Palisade Wall |
| 7:26 | Queue | Villager (Male) |
| 7:33 | Build | Palisade Wall |
| 7:40 | Build | Palisade Wall |
| 7:45 | Queue | Villager (Male) |
| 8:04 | Build | Palisade Wall |
| 8:27 | Build | House |
| 8:39 | Build | Barracks |
| 8:50 | Queue | Villager (Male) |
| 8:56 | Queue | Villager (Male) |
| 9:16 | Age | Feudal Age |
| 9:17 | Queue | Villager (Male) |
| 9:23 | Build | Palisade Wall |
| 9:23 | Queue | Villager (Male) |
| 9:27 | Build | Palisade Wall |
| 9:27 | Queue | Villager (Male) |
| 9:37 | Build | Archery Range |
| 9:43 | Build | Farm |
| 9:46 | Research | Double-Bit Axe |
| 9:46 | Research | Double-Bit Axe |
| 9:55 | Build | Palisade Wall |
| 10:07 | Build | Palisade Wall |
| 10:08 | Queue | Villager (Male) |
| 10:14 | Build | Palisade Wall |
| 10:29 | Build | Farm |
| 10:34 | Build | Farm |
| 10:40 | Build | Farm |
| 10:44 | Build | Farm |
| 10:50 | Build | Farm |
| 10:56 | Queue | Villager (Male) |
| 10:57 | Queue | Villager (Male) |
| 11:00 | Build | House |
| 11:17 | Build | Farm |
| 11:24 | Build | House |
| 11:31 | Build | Farm |
| 11:31 | Queue | Villager (Male) |
| 11:38 | Queue | Villager (Male) |
| 11:50 | Queue | Skirmisher |
| 11:51 | Queue | Villager (Male) |
| 11:57 | Build | Farm |
| 12:05 | Queue | Villager (Male) |
| 12:12 | Build | Market |
| 12:28 | Queue | Villager (Male) |
| 12:34 | Queue | Villager (Male) |
| 12:42 | Build | Mining Camp |
| 12:52 | Queue | Villager (Male) |
| 12:55 | Queue | Skirmisher |
| 13:13 | Queue | Villager (Male) |
| 13:48 | Queue | Villager (Male) |
| 13:56 | Queue | Skirmisher |
| 14:09 | Queue | Villager (Male) |
| 14:11 | Build | Farm |
| 14:12 | Build | Farm |
| 14:28 | Queue | Villager (Male) |
| 14:34 | Queue | Villager (Male) |
| 14:38 | Queue | Villager (Male) |
| 15:16 | Research | Castle Age |
| 15:16 | Research | Castle Age |
| 15:27 | Build | Palisade Wall |
| 15:31 | Build | Palisade Wall |
| 15:34 | Build | Palisade Wall |
| 15:36 | Build | Palisade Wall |
| 15:44 | Queue | Villager (Male) |
| 16:12 | Build | Blacksmith |
| 16:18 | Build | House |
| 16:28 | Build | House |
| 16:47 | Research | Horse Collar |
| 16:49 | Research | Gold Mining |
| 16:56 | Research | Fletching |
| 17:05 | Queue | Villager (Male) |
| 17:08 | Build | Archery Range |
| 17:37 | Queue | Villager (Male) |
| 17:50 | Build | House |
| 17:50 | Queue | Villager (Male) |
| 17:53 | Build | Palisade Wall |
| 17:55 | Build | Palisade Wall |
| 17:56 | Age | Castle Age |
| 17:56 | Build | House |
| 17:57 | Queue | Villager (Male) |
| 18:11 | Queue | Villager (Male) |
| 18:15 | Queue | Villager (Male) |
| 18:18 | Queue | Villager (Male) |
| 18:30 | Queue | Unit 1952 |
| 18:30 | Queue | Unit 1952 |
| 18:43 | Research | Bodkin Arrow |
| 18:44 | Queue | Unit 1952 |
| 18:44 | Queue | Unit 1952 |
| 18:49 | Queue | Villager (Male) |
| 18:50 | Queue | Unit 1952 |
| 19:10 | Queue | Villager (Male) |
| 19:17 | Queue | Unit 1952 |
| 19:17 | Queue | Unit 1952 |
| 19:25 | Queue | Villager (Male) |
| 19:26 | Build | Palisade Wall |
| 19:27 | Build | Palisade Wall |
| 19:27 | Build | Palisade Wall |
| 19:30 | Research | Forging |
| 19:36 | Queue | Unit 1952 |
| 19:36 | Queue | Unit 1952 |
| 19:45 | Queue | Villager (Male) |
| 20:03 | Research | Padded Archer Armor |
| 20:06 | Build | House |
| 20:11 | Queue | Unit 1952 |
| 20:12 | Queue | Unit 1952 |
| 20:23 | Queue | Unit 1952 |
| 20:25 | Queue | Villager (Male) |
| 20:27 | Queue | Villager (Male) |
| 20:32 | Queue | Villager (Male) |
| 20:43 | Queue | Villager (Male) |
| 20:51 | Queue | Unit 1952 |
| 20:51 | Queue | Unit 1952 |
| 21:00 | Build | Palisade Wall |
| 21:03 | Build | House |
| 21:04 | Build | Palisade Wall |
| 21:05 | Queue | Villager (Male) |
| 21:09 | Queue | Villager (Male) |
| 21:13 | Queue | Unit 1952 |
| 21:25 | Build | Farm |
| 21:31 | Build | House |
Build order — Ustad
First 150 of 176 actions detected
| 0:01 | Queue | Villager (Male) ×4 |
| 0:01 | Queue | Villager (Male) ×4 |
| 0:02 | Build | House |
| 0:03 | Build | House |
| 1:34 | Queue | Villager (Male) |
| 1:56 | Queue | Villager (Male) |
| 2:10 | Queue | Villager (Male) |
| 2:10 | Queue | Villager (Male) |
| 2:50 | Queue | Villager (Male) ×2 |
| 2:51 | Queue | Villager (Male) ×2 |
| 3:10 | Build | Lumber Camp |
| 3:16 | Queue | Villager (Male) |
| 3:24 | Build | House |
| 3:39 | Queue | Villager (Male) |
| 3:39 | Queue | Villager (Male) |
| 3:39 | Queue | Villager (Male) |
| 4:21 | Queue | Villager (Male) |
| 4:21 | Queue | Villager (Male) |
| 4:51 | Queue | Villager (Male) ×3 |
| 4:51 | Queue | Villager (Male) ×3 |
| 5:04 | Build | Barracks |
| 5:10 | Build | House |
| 5:14 | Build | Palisade Wall |
| 5:15 | Build | Palisade Wall |
| 5:17 | Build | Palisade Wall |
| 5:39 | Queue | Militia ×2 |
| 5:39 | Queue | Militia ×2 |
| 6:17 | Build | Mill |
| 6:18 | Queue | Villager (Male) |
| 6:24 | Queue | Militia |
| 6:29 | Queue | Villager (Male) |
| 6:34 | Build | Palisade Wall |
| 6:36 | Build | Palisade Wall |
| 6:44 | Queue | Villager (Male) |
| 7:24 | Build | Pasture |
| 7:25 | Queue | Villager (Male) |
| 7:28 | Research | Loom |
| 7:35 | Build | Palisade Wall |
| 7:39 | Build | House |
| 7:45 | Research | Loom |
| 7:49 | Build | Palisade Wall |
| 7:59 | Queue | Villager (Male) |
| 8:10 | Build | Palisade Wall |
| 8:13 | Queue | Villager (Male) |
| 8:34 | Build | Palisade Gate |
| 8:36 | Build | Palisade Wall |
| 8:44 | Queue | Villager (Male) |
| 8:52 | Build | House |
| 9:04 | Build | Pasture |
| 9:05 | Queue | Villager (Male) |
| 9:11 | Build | Palisade Wall |
| 9:16 | Build | Palisade Wall |
| 9:19 | Build | Palisade Wall |
| 9:27 | Queue | Villager (Male) |
| 9:32 | Build | Palisade Wall |
| 9:34 | Build | Palisade Wall |
| 9:36 | Build | Palisade Wall |
| 9:39 | Queue | Villager (Male) |
| 9:44 | Queue | Villager (Male) |
| 10:04 | Queue | Villager (Male) |
| 10:07 | Build | Pasture |
| 10:20 | Build | Palisade Wall |
| 10:26 | Queue | Villager (Male) |
| 10:40 | Build | Pasture |
| 10:48 | Queue | Villager (Male) |
| 11:02 | Build | Palisade Wall |
| 11:09 | Queue | Villager (Male) |
| 11:11 | Build | Pasture |
| 11:33 | Build | House |
| 11:35 | Build | House |
| 11:38 | Research | Feudal Age |
| 11:38 | Research | Feudal Age |
| 11:45 | Build | Palisade Wall |
| 11:47 | Build | Palisade Wall |
| 11:56 | Build | Palisade Wall |
| 11:58 | Build | Palisade Wall |
| 11:59 | Build | Palisade Wall |
| 12:00 | Build | Palisade Wall |
| 12:02 | Build | Palisade Wall |
| 12:03 | Build | Palisade Wall |
| 12:05 | Build | Palisade Wall |
| 12:07 | Build | Palisade Wall |
| 12:23 | Build | Lumber Camp |
| 14:05 | Age | Feudal Age |
| 14:07 | Queue | Villager (Male) |
| 14:10 | Build | Stable |
| 14:20 | Build | Blacksmith |
| 14:23 | Research | Double-Bit Axe |
| 14:24 | Research | Tech 1014 |
| 14:25 | Queue | Villager (Male) |
| 14:25 | Queue | Villager (Male) |
| 14:53 | Queue | Scout Cavalry ×5 |
| 14:59 | Queue | Villager (Male) |
| 15:01 | Build | Pasture |
| 15:17 | Research | Forging |
| 15:23 | Build | Mining Camp |
| 15:30 | Queue | Villager (Male) |
| 15:32 | Build | Pasture |
| 15:37 | Build | Pasture |
| 15:41 | Queue | Villager (Male) |
| 15:45 | Build | Pasture |
| 16:03 | Queue | Villager (Male) |
| 16:06 | Build | Pasture |
| 16:30 | Queue | Villager (Male) |
| 16:34 | Build | House |
| 16:35 | Build | House |
| 16:38 | Research | Scale Barding Armor |
| 16:49 | Build | Pasture |
| 17:08 | Research | Wheelbarrow |
| 17:08 | Research | Wheelbarrow |
| 18:17 | Research | Castle Age |
| 18:18 | Research | Castle Age |
| 18:37 | Build | Stable |
| 18:39 | Queue | Scout Cavalry ×2 |
| 18:40 | Queue | Scout Cavalry ×2 |
| 18:54 | Build | House |
| 18:55 | Build | House |
| 18:57 | Build | House |
| 19:04 | Build | House |
| 19:06 | Build | Palisade Wall |
| 19:09 | Build | Palisade Wall |
| 19:14 | Queue | Scout Cavalry |
| 19:31 | Build | Stable |
| 19:32 | Queue | Scout Cavalry ×4 |
| 19:32 | Queue | Scout Cavalry ×4 |
| 20:17 | Build | Palisade Wall |
| 20:19 | Build | House |
| 20:34 | Build | Pasture |
| 20:46 | Build | House |
| 20:49 | Build | House |
| 20:58 | Queue | Scout Cavalry |
| 20:59 | Queue | Scout Cavalry |
| 21:03 | Age | Castle Age |
| 21:05 | Research | Chain Barding Armor |
| 21:06 | Research | Light Cavalry (upgrade) |
| 21:06 | Research | Husbandry |
| 21:15 | Queue | Villager (Male) |
| 21:25 | Build | Pasture |
| 21:39 | Build | Pasture |
| 21:48 | Research | Husbandry |
| 21:48 | Research | Husbandry |
| 21:48 | Queue | Scout Cavalry ×3 |
| 21:48 | Queue | Scout Cavalry |
| 22:08 | Queue | Scout Cavalry ×2 |
| 22:08 | Queue | Scout Cavalry ×2 |
| 22:25 | Queue | Scout Cavalry |
| 22:25 | Queue | Scout Cavalry |
| 22:25 | Queue | Scout Cavalry |
| 22:29 | Build | Pasture |
| 22:30 | Queue | Villager (Male) ×2 |
Match timeline
| 5:04 | Ustad · first_building Barracks |
| 5:14 | Ustad · wall_segment Palisade Wall x3 |
| 5:15 | Ustad · wall_segment Palisade Wall x1 |
| 5:17 | Ustad · wall_segment Palisade Wall x1 |
| 6:34 | Ustad · wall_segment Palisade Wall x6 |
| 6:36 | Ustad · wall_segment Palisade Wall x4 |
| 7:08 | Saturno 1343 · wall_segment Palisade Wall x1 |
| 7:10 | Saturno 1343 · wall_segment Palisade Wall x1 |
| 7:13 | Saturno 1343 · wall_segment Palisade Wall x1 |
| 7:33 | Saturno 1343 · wall_segment Palisade Wall x2 |
| 7:35 | Ustad · wall_segment Palisade Wall x8 |
| 7:40 | Saturno 1343 · wall_segment Palisade Wall x10 |
| 7:49 | Ustad · wall_segment Palisade Wall x3 |
| 8:04 | Saturno 1343 · wall_segment Palisade Wall x4 |
| 8:10 | Ustad · wall_segment Palisade Wall x4 |
| 8:36 | Ustad · wall_segment Palisade Wall x2 |
| 8:39 | Saturno 1343 · first_building Barracks |
| 9:11 | Ustad · wall_segment Palisade Wall x5 |
| 9:16 | Ustad · wall_segment Palisade Wall x4 |
| 9:16 | Saturno 1343 · age_up feudal |
| 9:19 | Ustad · wall_segment Palisade Wall x1 |
| 9:23 | Saturno 1343 · wall_segment Palisade Wall x1 |
| 9:27 | Saturno 1343 · wall_segment Palisade Wall x1 |
| 9:32 | Ustad · wall_segment Palisade Wall x3 |
| 9:34 | Ustad · wall_segment Palisade Wall x3 |
| 9:36 | Ustad · wall_segment Palisade Wall x2 |
| 9:37 | Saturno 1343 · first_building Archery Range |
| 9:55 | Saturno 1343 · wall_segment Palisade Wall x1 |
| 10:07 | Saturno 1343 · wall_segment Palisade Wall x1 |
| 10:14 | Saturno 1343 · wall_segment Palisade Wall x1 |
| 10:20 | Ustad · wall_segment Palisade Wall x5 |
| 11:02 | Ustad · wall_segment Palisade Wall x2 |
| 11:45 | Ustad · wall_segment Palisade Wall x6 |
| 11:47 | Ustad · wall_segment Palisade Wall x3 |
| 11:56 | Ustad · wall_segment Palisade Wall x3 |
| 11:58 | Ustad · wall_segment Palisade Wall x1 |
| 11:59 | Ustad · wall_segment Palisade Wall x1 |
| 12:00 | Ustad · wall_segment Palisade Wall x1 |
| 12:02 | Ustad · wall_segment Palisade Wall x2 |
| 12:03 | Ustad · wall_segment Palisade Wall x1 |
| 12:05 | Ustad · wall_segment Palisade Wall x2 |
| 12:07 | Ustad · wall_segment Palisade Wall x3 |
| 13:52 | Saturno 1343 · first_market_sell 100 wood |
| 14:05 | Ustad · age_up feudal |
| 14:10 | Ustad · first_building Stable |
| 14:55 | Saturno 1343 · first_market_buy 100 food |
| 15:27 | Saturno 1343 · wall_segment Palisade Wall x1 |
| 15:31 | Saturno 1343 · wall_segment Palisade Wall x1 |
| 15:34 | Saturno 1343 · wall_segment Palisade Wall x1 |
| 15:36 | Saturno 1343 · wall_segment Palisade Wall x1 |
| 17:53 | Saturno 1343 · wall_segment Palisade Wall x3 |
| 17:55 | Saturno 1343 · wall_segment Palisade Wall x1 |
| 17:56 | Saturno 1343 · age_up castle |
| 19:06 | Ustad · wall_segment Palisade Wall x1 |
| 19:09 | Ustad · wall_segment Palisade Wall x1 |
| 19:26 | Saturno 1343 · wall_segment Palisade Wall x1 |
| 19:27 | Saturno 1343 · wall_segment Palisade Wall x1 |
| 19:27 | Saturno 1343 · wall_segment Palisade Wall x1 |
| 20:17 | Ustad · wall_segment Palisade Wall x5 |
| 21:00 | Saturno 1343 · wall_segment Palisade Wall x1 |
| 21:03 | Ustad · age_up castle |
| 21:04 | Saturno 1343 · wall_segment Palisade Wall x4 |
| 21:42 | Saturno 1343 · wall_segment Palisade Wall x1 |
| 21:44 | Saturno 1343 · wall_segment Palisade Wall x1 |
| 24:34 | Saturno 1343 · resign |
[ AI ANALYSIS · 1 CREDIT ]
What really happened in this match?
Wolo.gg analyzes every decision: build order, eco, micro, common mistakes by bracket. Personalized analysis on WhatsApp or Discord in 30 seconds.
Civ guide
Wei
Perfil
Saturno 1343